 Dungeon Crawl Stone Soup version 0.27.1-34-g3ba077fa99 (webtiles) character file.

Game seed: 12070908268073043649

550 sankara the Ruffian (level 7, -4/61 HPs)
             Began as a Minotaur Monk on Jan 22, 2022.
             Slain by a gnoll sergeant (5 damage)
             ... on level 5 of the Dungeon.
             The game lasted 00:05:32 (4693 turns).

sankara the Ruffian (Minotaur Monk)                 Turns: 4693, Time: 00:05:33

Health: -4/61      AC: 12    Str: 16    XL:     7   Next: 7%
Magic:  6/6        EV:  8    Int: 13    God:
Gold:   153        SH:  0    Dex: 14    Spells: 6/6 levels left

rFire    . . .     SeeInvis .     - Unarmed
rCold    . . .     Faith    .   (no shield)
rNeg     . . .     Spirit   .   j - +0 chain mail
rPois    .         Reflect  .   (helmet restricted)
rElec    .         Harm     .   o - +0 cloak
rCorr    .         Rampage  .   c - +0 pair of gloves
Will     .....                  l - +0 pair of boots
Stlth    ..........             (no amulet)
HPRegen  0.20/turn              m - +6 ring of intelligence
MPRegen  0.10/turn              (no ring)

@: no status effects
A: horns 2, retaliatory headbutt
a: no special abilities


You were on level 5 of the Dungeon.
You visited 1 branch of the dungeon, and saw 5 of its levels.

You collected 153 gold pieces.

Inventory:

Missiles
 a - 13 boomerangs
 d - 44 stones (quivered)
 q - 4 poisoned darts
Armour
 c - a +0 pair of gloves (worn)
 j - a +0 chain mail (worn)
 l - a +0 pair of boots (worn)
 o - a +0 cloak (worn)
Jewellery
 m - a +6 ring of intelligence (left hand)
 p - a +4 ring of protection
Wands
 r - a wand of acid (8)
Scrolls
 g - 3 scrolls of identify {unknown}
 i - a scroll of enchant armour {unknown}
 k - a scroll of torment {unknown}
 n - a scroll of enchant weapon {unknown}
Potions
 b - a potion of magic {unknown}
 e - 2 potions of might {unknown}
 f - 2 potions of curing {unknown}
 h - a potion of attraction {unknown}


   Skills:
 + Level 5.4 Fighting
 + Level 3.0 Armour
 + Level 5.0 Dodging
 - Level 1.5 Stealth
 * Level 6.3 Unarmed Combat


You had 6 spell levels left.
You didn't know any spells.
Your spell library was empty.

Dungeon Overview and Level Annotations

Branches:
Dungeon (5/15)
 Temple: D:4-7

Altars:

Shops:
D:4 *

Annotations:
D:4 2 transporters, FLACIDUS's ghost, weakling DgEE


Innate Abilities, Weirdness & Mutations

You have a pair of horns on your head.
You reflexively headbutt those who attack you in melee.


Message History

The gnoll is heavily wounded.
The gnoll sergeant hits you from afar with a +0 trident!
The gnoll hits you with a +0 halberd.
You hit the gnoll.
The gnoll is severely wounded.
The gnoll hits you with a +0 club.
The gnoll sergeant hits you but does no damage.
The gnoll barely misses you.
You hit the gnoll.
The gnoll is almost dead.
The gnoll hits you but does no damage. x2
The gnoll sergeant hits you from afar with a +0 trident.
The gnoll hits you with a +0 halberd!
You barely miss the gnoll. You punch the gnoll.
The gnoll is almost dead.
The gnoll barely misses you. The gnoll hits you but does no damage.
You hit the gnoll but do no damage.
The gnoll is almost dead.
The gnoll sergeant hits you from afar with a +0 trident.
The gnoll barely misses you. You furiously retaliate!
You headbutt the gnoll, but do no damage.
The gnoll hits you from afar with a +0 halberd!
The gnoll hits you with a +0 club.
* * * LOW HITPOINT WARNING * * *
You completely miss the gnoll.
The gnoll is almost dead.
The gnoll barely misses you.
The gnoll sergeant hits you from afar with a +0 trident.
* * * LOW HITPOINT WARNING * * *
The gnoll hits you with a +0 halberd.
* * * LOW HITPOINT WARNING * * *
The gnoll barely misses you. x2
The gnoll hits you but does no damage.
The iguana bites you but does no damage.
There is a stone staircase leading up here.
The gnoll hits you but does no damage.
The gnoll hits you from afar with a +0 halberd!
* * * LOW HITPOINT WARNING * * *
The gnoll sergeant hits you from afar with a +0 trident.
You die...

#.###..........
##...........##. #
##.#.............. #.
#.................
##.?####.###.......รท.....
..........##.###.#.......
.....g..g.##.# ####......
.....gg#g....#####.......
.......l@.......##.......
.....#....##.............
.....#.........#.#....)..
......####.....####......
?.##.. #.....###........
!# ##! ##...............
#...............
................#
.#.............##


You could see a gnoll sergeant, an iguana and 4 gnolls.

Vanquished Creatures
  An ogre (D:5)
  A phantom (D:4)
  A scorpion (D:5)
  A jelly (D:4)
  4 hounds
  An orc wizard (D:5)
  A howler monkey zombie (D:5)
  6 adders
  A shadow imp (D:5)
  3 worms
  4 dart slugs
  9 orcs
  2 endoplasms
  5 giant cockroaches
  5 goblins
  3 hobgoblins
  6 jackals (D:2)
  3 kobolds
  2 quokkas
  6 ball pythons
  5 bats
  A frilled lizard (D:1)
  3 rats
74 creatures vanquished.

Notes
Turn   | Place    | Note
-------+----------+-------------------------------------------
     0 | D:1      | sankara the Minotaur Monk began the quest for the Orb.
     0 | D:1      | Reached XP level 1. HP: 19/19 MP: 0/0
   230 | D:1      | Found a faded altar of an unknown god.
   235 | D:1      | Reached XP level 2. HP: 27/27 MP: 1/1
   417 | D:1      | You fall into a shaft and drop 1 floor!
   670 | D:2      | Reached skill level 4 in Unarmed Combat
   670 | D:2      | Reached XP level 3. HP: 13/33 MP: 2/2
  2025 | D:2      | Reached XP level 4. HP: 41/41 MP: 3/3
  2825 | D:4      | Found Maag's General Store.
  2942 | D:4      | Reached skill level 1 in Armour
  2942 | D:4      | Reached XP level 5. HP: 17/47 MP: 4/4
  3139 | D:4      | Reached skill level 5 in Unarmed Combat
  3774 | D:4      | Found a transporter.
  3775 | D:4      | Found a transporter.
  3775 | D:4      | Noticed FLACIDUS's ghost (weakling DgEE)
  3776 | D:4      | Noticed an ogre
  3777 | D:4      | Noticed an ogre
  3778 | D:4      | Noticed an ogre
  3894 | D:5      | Entered Level 5 of the Dungeon
  3906 | D:5      | Reached skill level 5 in Fighting
  3906 | D:5      | Reached XP level 6. HP: 36/56 MP: 5/5
  4263 | D:5      | Reached skill level 6 in Unarmed Combat
  4291 | D:4      | Reached XP level 7. HP: 19/61 MP: 6/6
  4300 | D:4      | Reached skill level 5 in Dodging
  4693 | D:5      | HP: 1/61 [gnoll (8)]
  4693 | D:5      | Slain by a gnoll sergeant

Illustrated notes

Levels and vault maps discovered:
D:1:      dpeg_arrival_simpleton_c, layout_basic,
          ebering_ecumenical_altar_petrified
D:2:      layout_loops_ring, grunt_ministairs_4, minmay_crystal_water
D:3:      layout_rooms
D:4:      layout_loops_ring, serial_shops, shop_statue, gammafunk_ghost_smash,
          chequers_serial_rivers_micro_e
D:5:      layout_cave_pools, kennysheep_generic_room_10

Skill      XL: |  1  2  3  4  5  6  7 |
---------------+----------------------+-----
Fighting       | 4 5 |  5.4
Unarmed Combat | 4 5 6 |  6.3
Dodging        | 4 5 |  5.0
Armour         | 1 2 3 |  3.0
Stealth        | |  1.5

Action                   |  1- 3 |  4- 6 |  7- 9 || total
-------------------------+-------+-------+-------++-------
Melee: Unarmed           |    88 |   124 |    25 ||   237
       Headbutt          |     7 |    17 |     6 ||    30
       Punch             |     3 |     1 |     2 ||     6
 Stab: Sleeping          |     3 |       |       ||     3
Armor: Robe              |    19 |       |       ||    19
       Chain mail        |       |    57 |    15 ||    72
       Ring mail         |       |     4 |       ||     4
Dodge: Dodged            |    68 |    52 |    16 ||   136
